 Dungeon Crawl Stone Soup version 0.21-a0-633-g4c047d5 (webtiles) character file.

106 VirginKiller the Changer (level 4, -5/34 HPs)
             Began as a Demigod Transmuter on Dec 28, 2017.
             Killed from afar by wazuzu's ghost (9 damage)
             ... with a magic dart
             ... on level 3 of the Dungeon.
             The game lasted 00:15:04 (1631 turns).

VirginKiller the Changer (Demigod Transmuter)       Turns: 1631, Time: 00:15:04

Health: -5/34      AC:  2    Str: 13    XL:     4   Next: 30%
Magic:  0/9        EV: 20    Int: 17    God:
Gold:   68         SH:  0    Dex: 23    Spells: 0/6 levels left

rFire    . . .     SeeInvis .     - Unarmed
rCold    . . .     Gourm    .   (shield currently unavailable)
rNeg     . . .     Faith    .   (armour currently unavailable)
rPois    x         Spirit   .   (helmet currently unavailable)
rElec    .         Reflect  .   (cloak currently unavailable)
rCorr    .         Harm     .   (gloves currently unavailable)
MR       .....                  (boots currently unavailable)
Stlth    ++........             (no amulet)
HPRegen  0.11/turn              (no ring)
MPRegen  0.11/turn              (no ring)

@: spider-form
A: tiny, high mp 1
a: End Transformation


You were on level 3 of the Dungeon.
You were not hungry.
You were a venomous arachnid creature.
You visited 1 branch of the dungeon, and saw 3 of its levels.

You collected 68 gold pieces.

Inventory:

Missiles
 a - 30 arrows
Armour
 b - a +0 robe (melded)
 k - a +0 cloak (melded)
 n - a +0 ring mail of fire resistance
Jewellery
 l - a +3 ring of intelligence {unknown}
Scrolls
 e - 2 scrolls of remove curse {unknown}
 g - a scroll of amnesia {unknown}
 i - a scroll of teleportation {unknown}
 j - a scroll of fog {unknown}
 m - a scroll of random uselessness {unknown}
Potions
 h - a potion of magic {unknown}
Books
 c - a book of Changes

   Spells                             Type                      Level
   a - Beastly Appendage              Transmutation                1
   b - Sticks to Snakes               Transmutation                2
   c - Spider Form                    Transmutation/Poison         3
   d - Ice Form                       Ice/Transmutation            4
   e - Blade Hands                    Transmutation                5
Comestibles
 d - 4 rations
 f - 2 chunks of flesh


   Skills:
 - Level 0.8 Fighting
 - Level 1.7 Dodging
 - Level 2.6 Unarmed Combat
 - Level 1.7 Spellcasting
 * Level 4.4 Transmutations


You couldn't memorise any spells.
You knew the following spells:

 Your Spells              Type           Power        Failure   Level  Hunger
a - Beastly Appendage     Tmut           ###...       11%         1    #......
b - Spider Form           Tmut/Pois      #.........   45%         3    ###....
c - Sticks to Snakes      Tmut           ###.....     14%         2    ###....


Dungeon Overview and Level Annotations

Branches:
Dungeon (3/15)

Annotations:
D:3 wazuzu's ghost, weakling GrWz


Innate Abilities, Weirdness & Mutations

You have an increased reservoir of magic. (+10% MP)


Message History

You hear an angry hiss. x2
Wazuzu's ghost barely misses you.
You hear an angry hiss.
You hit wazuzu's ghost.
Wazuzu's ghost is lightly damaged.
You hear a shout!
Wazuzu's ghost hits you.
You hear an angry hiss.
You barely miss wazuzu's ghost.
Wazuzu's ghost is lightly damaged.
You hear an angry hiss.
Wazuzu's ghost barely misses you.
You hit wazuzu's ghost but do no damage.
Wazuzu's ghost is lightly damaged.
Wazuzu's ghost gestures at you while chanting.
The magic dart hits you!
* * * LOW HITPOINT WARNING * * *
Wazuzu's ghost casts a spell at you. The magic dart hits you!
You die...

#.# #.# #.##### #>....#
#.##### #.# #.# #### W
#######)###..#######....
#.........))..s.W.......
#........##...).........
#........##....##...##..
#........##....# ...8#
#......######### ...##
#......# ...# #......#
...# ######## ...8


You could see wazuzu's ghost.

Vanquished Creatures
  3 adders (D:2)
  2 worms (D:2)
  2 dart slugs
  4 leopard geckos
  4 orcs (D:3)
  2 giant cockroaches (D:2)
  11 goblins
  5 hobgoblins (D:2)
  4 jackals
  3 bats
  2 frilled lizards
  7 kobolds
  4 rats
53 creatures vanquished.

Vanquished Creatures (collateral kills)
  A gnoll (D:3)
1 creature vanquished.

Grand Total: 54 creatures vanquished

Notes
Turn   | Place    | Note
-------+----------+-------------------------------------------
     0 | D:1      | VirginKiller the Demigod Transmuter began the quest for the Orb.
     0 | D:1      | Reached XP level 1. HP: 15/15 MP: 5/5
     9 | D:1      | Reached skill level 2 in Transmutations
   268 | D:1      | Reached XP level 2. HP: 15/22 MP: 5/7
   627 | D:1      | Reached skill level 3 in Transmutations
   982 | D:2      | Reached XP level 3. HP: 18/27 MP: 8/8
   995 | D:2      | Learned a level 3 spell: Spider Form
  1119 | D:2      | Reached skill level 4 in Transmutations
  1225 | D:2      | Found a sparkling altar of Nemelex Xobeh.
  1322 | D:2      | Reached XP level 4. HP: 22/34 MP: 0/9
  1386 | D:2      | Learned a level 2 spell: Sticks to Snakes
  1587 | D:3      | Noticed wazuzu's ghost (weakling GrWz)
  1631 | D:3      | Killed from afar by wazuzu's ghost

Vault maps used:
D:1:      ncdulo_halloftheorcs
D:2:      lemuel_doored_altar, kennysheep_boxes
D:3:      serial_corexii_hall, corexii_hall_statues_s, corexii_hall_statues_x,
          minmay_shallow_snake_nest, uniq_crazy_yiuf_cottage

Skill      XL: |  1  2  3 |
---------------+----------+-----
Transmutations | 2 3 4 |  4.4
Fighting       | |  0.8
Dodging        | |  1.7
Unarmed Combat | |  2.6
Spellcasting   | |  1.7

Action                   |  1- 3 |  4- 6 || total
-------------------------+-------+-------++-------
Melee: Unarmed           |   122 |    22 ||   144
       Kick              |    14 |     1 ||    15
       Headbutt          |     7 |       ||     7
       Punch             |     1 |       ||     1
 Cast: Beastly Appendage |    20 |     1 ||    21
       Spider Form       |    10 |     6 ||    16
       Sticks to Snakes  |       |     4 ||     4
 Abil: End Transformatio |     1 |       ||     1
 Stab: Sleeping          |     1 |       ||     1
  Eat: Chunk             |     3 |     3 ||     6
Armor: Robe              |    18 |     1 ||    19
       Skin              |     1 |       ||     1
Dodge: Dodged            |    80 |    18 ||    98

Table legend:
 A = Spawn XP
 B = Non-spawn XP
 C = Spawn XP percentage of total XP
 D = Spawn monster count
 E = Non-spawn monster count
 F = Spawn count percentage of total count
 G = Total turns spent on level
                    A         B        C        D         E        F      G
               +---------+---------+-------+---------+---------+-------+---------
         Total |       0 |     152 |   0.0 |       0 |      52 |   0.0 |  1631
               +---------+---------+-------+---------+---------+-------+---------
           D:1 |       0 |      38 |   0.0 |       0 |      19 |   0.0 |   889
           D:2 |       0 |      87 |   0.0 |       0 |      26 |   0.0 |   616
           D:3 |       0 |      27 |   0.0 |       0 |       7 |   0.0 |   126
               +---------+---------+-------+---------+---------+-------+---------
